 Dungeon Crawl Stone Soup version 0.17.1-2-g5865329 (webtiles) character file.

22 Jerry the Grasshopper (level 2, 0/19 HPs)
             Began as an Octopode Warper on Jan 25, 2016.
             Slain by an adder (4 damage)
             ... on level 2 of the Dungeon.
             The game lasted 00:02:46 (1108 turns).

Jerry the Grasshopper (Octopode Warper)             Turns: 1108, Time: 00:02:46

Health: 0/19       AC:  1    Str: 10    XL:     2   Next: 91%
Magic:  5/5        EV: 12    Int: 15    God:
Gold:   56         SH:  0    Dex: 11    Spells: 2 memorised, 3 levels left

rFire  . . .     SeeInvis .     a - +0 mace
rCold  . . .     Clarity  .     (no shield)
rNeg   . . .     SustAt   .     (helmet restricted)
rPois  .         Gourm    .     (no amulet)
rElec  .         Spirit   .     (no ring)
rCorr  .         Warding  .     (no ring)
rMut   .         Stasis   .     (no ring)
MR     .....                    (no ring)
Stlth  ++........               (no ring)
                                (no ring)
                                (no ring)
                                (no ring)

@: not resistant to hostile enchantments, unstealthy
A: almost no armour, amphibious, 8 rings, constrict 8, camouflage 1, gelatinous
body 1
a: no special abilities


You were on level 2 of the Dungeon.
You were hungry.

You visited 1 branch of the dungeon, and saw 2 of its levels.

You collected 56 gold pieces.

Inventory:

Hand Weapons
 a - a +0 mace (weapon)
Missiles
 d - 5 tomahawks of dispersal (quivered)
Scrolls
 c - a scroll of blinking
 f - a scroll of enchant weapon {unknown}
 g - 2 scrolls of identify {unknown}
 i - a scroll of teleportation {unknown}
Potions
 h - 4 potions of curing {unknown}
 k - 2 potions of heal wounds {unknown}
Books
 b - a book of Spatial Translocations

   Spells                             Type                      Level
   a - Apportation                    Translocation                1
   b - Blink                          Translocation                2
   c - Shroud of Golubria             Charms/Translocation         2
   d - Portal Projectile              Translocation                3
   e - Teleport Other                 Translocation                3
   f - Passage of Golubria            Translocation                4
Comestibles
 e - a bread ration
 j - a slice of pizza


   Skills:
 - Level 2.0 Fighting
 + Level 2.2 Maces & Flails
 - Level 1.0 Throwing
 + Level 2.8 Dodging
 + Level 2.5 Spellcasting
 - Level 3.0 Translocations


You had 3 spell levels left.
You knew the following spells:

 Your Spells              Type           Power        Failure   Level  Hunger
a - Apportation           Tloc           ##........   8%          1    #......
b - Blink                 Tloc           N/A          12%         2    ###....


Dungeon Overview and Level Annotations

Branches:
Dungeon (2/15)

Altars:
Xom


Innate Abilities, Weirdness & Mutations

You cannot wear most types of armour.
You are amphibious.
You can wear up to eight rings at the same time.
You can use your tentacles to constrict eight enemies at once.
Your skin changes colour to match your surroundings (Stealth).
Your rubbery body absorbs attacks (AC +1).


Message History

No target in view!
h - 4 pink potions (gained 1)
An adder comes into view.
You see here 2 fruits.
You closely miss the adder. Your grab misses the adder.
Your squeeze misses the adder. The adder bites you.
You closely miss the adder. Your grab misses the adder. The adder bites you.
The adder bites you.
You barely miss the adder. Your grab misses the adder.
Your squeeze misses the adder. The adder closely misses you.
The adder bites you.
You hit the adder but do no damage. Your grab misses the adder.
The adder barely misses you.
You miss the adder. You grab the adder.
You constrict the adder, but do no damage.
The adder closely misses you. The adder bites you.
You completely miss the adder. You constrict the adder. The adder bites you.
* * * LOW HITPOINT WARNING * * *
The adder bites you.
You die...

#. .. #. .# # .. ..
.. #.#.###.#
#....... .....
#S.###.# #@.....#
#..#.#.# #..#.#
#%.#.# .. ###..#.#
..#
#####......#....
...........#...
...............
...........#......#


You could see an adder.

Vanquished Creatures
  2 worms (D:2)
  A giant gecko (D:2)
  A goblin (D:1)
  4 hobgoblins
  2 kobolds
  2 bats (D:1)
  2 rats (D:1)
14 creatures vanquished.

Notes
Turn   | Place    | Note
--------------------------------------------------------------
     0 | D:1      | Jerry the Octopode Warper began the quest for the Orb.
     0 | D:1      | Reached XP level 1. HP: 14/14 MP: 3/3
   168 | D:1      | Found a shimmering altar of Xom.
   535 | D:1      | Reached XP level 2. HP: 19/19 MP: 5/5
   616 | D:1      | Learned a level 2 spell: Blink
  1108 | D:2      | Slain by an adder

Action                   || total
-------------------------++-------
Melee: Mace              ||    40
 Stab: Sleeping          ||     1
